 Dungeon Crawl Stone Soup version 0.31-a0-538-gbc85326fa9 (console) character file.

Game seed: 5663698503435583981

2 petzl the Sneak (level 1, -1/18 HPs)
             Began as a Formicid Delver on Aug 13, 2023.
             Killed by divine providence
             ... invoked by an orc priest
              (12 damage)
             ... on level 6 of the Dungeon.
             The game lasted 00:00:47 (68 turns).

petzl the Sneak (Formicid Delver)                     Turns: 68, Time: 00:00:48

Health: -1/18      AC:  3    Str: 16    XL:     1   Next: 33%
Magic:  1/1        EV: 12    Int:  9    God:
Gold:   0          SH:  0    Dex: 15    Spells: 1/1 levels left

rFire   . . .        a - +0 mace
rCold   . . .        (no shield)
rNeg    . . .        b - +0 leather armour
rPois   .            (helmet unavailable)
rElec   .            (no cloak)
rCorr   .            (no gloves)
SInv    +            (no boots)
Will    .....        (no amulet)
Stlth   +++          (no ring)
HPRegen 0.23/turn    (no ring)
MPRegen 0.07/turn

%: no passive effects
@: no status effects
A: permanent stasis, dig shafts and tunnels, antennae 3, four strong arms
a: Dig, Shaft Self


You were on level 6 of the Dungeon.
You visited 1 branch of the dungeon, and saw 2 of its levels.

Inventory:

Hand Weapons
 a - a +0 mace (weapon)
Armour
 b - a +0 leather armour (worn)
Wands
 f - a wand of digging (3)
 g - a wand of mindburst (23)
Scrolls
 c - a scroll of fog
 d - a scroll of revelation
 e - a scroll of fear


   Skills:
 - Level 3.2 Fighting
 - Level 2.0 Maces & Flails
 - Level 1.7 Dodging
 - Level 6.0 Stealth
 + Level 0.6 Spellcasting


You had one spell level left.
You didn't know any spells.
Your spell library was empty.

Dungeon Overview and Level Annotations

Branches:
Dungeon (6/15)
 Temple: D:4-7

Altars:

Annotations:
D:5 Pikel


Innate Abilities, Weirdness & Mutations

You cannot be hasted, slowed, berserked, paralysed or teleported.
You can dig through walls and to a lower floor.
You have a pair of large antennae on your head. (SInv)
Your four strong arms can wield two-handed weapons with a shield.


Message History

You climb downwards.
There is a stone staircase leading up here.
An orc comes into view. It is wielding a +0 club.
Found a stone staircase leading up.
An orc priest and an orc come into view.
The orc is wielding a +0 flail of pain.
An orc comes into view. It is wielding a +0 club.
The orc shouts!
The black bear growls angrily.
You hear an angry growl.
The orc priest shouts!
You hit the orc priest. You punch the orc priest.
The orc priest is heavily wounded.
The orc priest hits you but does no damage.
The orc priest hits you but does no damage.
The orc closely misses you.
The orc priest looks braver for a moment.
There is a stone staircase leading up here.
There are monsters nearby!
The orc hits you with a +0 club.
The orc priest looks encouraged for a moment.
You climb upwards.
Level annotation: Pikel
There is a stone staircase leading down here.
You barely miss the orc.
The lemure shouts!
The orc misses you.
The orc shouts!
You hit the orc but do no damage. The orc closely misses you.
You sock the orc!
You kill the orc!
You climb downwards.
The orc hits you but does no damage.
The orc priest miscasts a cantrip.
There is a stone staircase leading up here.
You hit the orc.
The orc is almost dead.
The orc hits you with a +0 club. x2
Unknown command.
The orc priest invokes the aid of Beogh against you.
Beogh smites you!
Ouch! That really hurt!
You die...

#. # ######.
.#
#....#.#####.#
#.##.#.......#
#..#.#....@#
#o.#h#..##o#
#h.#.#..#h.#
##.#.#..o###
#.#.#.o.#.#
#.........#
###.#.###.#
#.#.###.#
#......<#
###.##.##
#.##. #....
...#. .... ..
.. ... ..


You could see a black bear, an orc priest and 2 orcs.

Vanquished Creatures
  An orc (D:5)
1 creature vanquished.

Notes
Turn   | Place    | Note
-------+----------+-------------------------------------------
     0 | D:5      | petzl the Formicid Delver began the quest for the Orb.
     0 | D:5      | Reached XP level 1. HP: 18/18 MP: 1/1
    17 | D:5      | Noticed Pikel
    17 | D:5      | Noticed a lemure
    20 | D:5      | Noticed a lemure
    21 | D:5      | Noticed a lemure
    24 | D:5      | Noticed an ogre
    27 | D:6      | Noticed a black bear
    32 | D:6      | Noticed an orc priest
    68 | D:6      | Killed from afar by an orc priest

Illustrated notes

Levels and vault maps discovered:
D:5:      layout_layer_cave, nicolae_shop_vocational, uniq_pikel, uniq_menkaure
D:6:      layout_basic, minmay_temple_entry_statues_pillars

Action                     || total
---------------------------++-------
  Melee: Mace              ||     5
         Punch             ||     1
 Armour: Leather armour    ||     3
  Dodge: Dodged            ||     3

Table legend: (Time is in decaauts)
 A = Elapsed time spent in this place.
 B = Non-inter-level travel time spent in this place.
 C = Inter-level travel time spent in this place.
 D = Time resting spent in this place.
 E = Time spent auto-exploring this place.
 F = Levels seen in this place.
 G = Mean time per level.
                   A        B        C        D        E       F      G
               +--------+--------+--------+--------+--------+-----+--------+
         Total |     70 |     70 |      0 |      0 |      0 |   2 |   35.0 |
       Dungeon |     70 |     70 |      0 |      0 |      0 |   2 |   35.0 |
               +--------+--------+--------+--------+--------+-----+--------+

Top non-repeatable levels by time:
     D:6: 36 daAuts
     D:5: 33 daAuts
